 Dungeon Crawl Stone Soup version 0.27.0-1-g7a089689b8 (webtiles) character file.

Game seed: 11330690813260734890

541 theswoord the Slasher (level 7, -4/50 HPs)
             Began as a Demonspawn Gladiator on Aug 9, 2021.
             Was an Initiate of Wu Jian.
             Slain by a scorpion (7 damage)
             ... on level 5 of the Dungeon.
             The game lasted 00:06:51 (4336 turns).

theswoord the Slasher (Demonspawn Gladiator)        Turns: 4336, Time: 00:06:52

Health: -4/50      AC:  9    Str: 14    XL:     7   Next: 5%
Magic:  7/7        EV: 10    Int: 10    God:    Wu Jian [......]
Gold:   222        SH:  0    Dex: 16    Spells: 6/6 levels left

rFire    . . .     SeeInvis .   a - +1 long sword
rCold    . . .     Faith    .   (no shield)
rNeg     . . .     Spirit   .   q - +0 scale mail
rPois    .         Reflect  .   (helmet restricted)
rElec    .         Harm     .   (no cloak)
rCorr    .         Rampage  .   (no gloves)
Will     .....                  i - +0 pair of boots
Stlth    ..........             (no amulet)
HPRegen  0.16/turn              (no ring)
MPRegen  0.10/turn              (no ring)

@: lethally poisoned (-4 -> -18)
A: antennae 2, molten scales 1, powered by death 2
a: Renounce Religion


You were on level 5 of the Dungeon.
You worshipped Wu Jian.
Wu Jian was noncommittal.
You visited 1 branch of the dungeon, and saw 5 of its levels.

You collected 222 gold pieces.

Inventory:

Hand Weapons
 a - a +1 long sword (weapon)
Missiles
 d - 3 throwing nets (quivered)
Armour
 b - a +0 leather armour
 c - a +0 helmet
 i - a +0 pair of boots (worn)
 n - a +0 chain mail
 q - a +0 scale mail (worn)
Wands
 g - a wand of charming (6)
 m - a wand of iceblast (7)
Scrolls
 e - 2 scrolls of enchant weapon
 j - a scroll of amnesia
 l - a scroll of summoning
 p - a scroll of magic mapping
Potions
 f - 2 potions of attraction {unknown}
 h - 2 potions of curing
 k - a potion of magic {unknown}
 o - a potion of might {unknown}


   Skills:
 - Level 2.0 Fighting
 + Level 7.4 Long Blades
 - Level 1.7 Throwing
 - Level 2.6 Dodging


You had 6 spell levels left.
You didn't know any spells.
Your spell library was empty.

Dungeon Overview and Level Annotations

Branches:
Dungeon (5/15)
 Temple: D:4-7

Altars:
Nemelex Xobeh
Wu Jian
Yredelemnul
The Shining One

Shops:
D:1 (


Innate Abilities, Weirdness & Mutations

You have a pair of antennae on your head.
You are partially covered in molten scales. (AC +2)
You regenerate health from kills.


Message History

The Council accepts your kill. The scorpion misses you.
You hit the scorpion but do no damage.
The scorpion is heavily wounded.
The scorpion closely misses you.
You hit the scorpion but do no damage.
The scorpion is heavily wounded.
The scorpion stings you.
Unknown command.
You slash the scorpion!
The scorpion is severely wounded.
The scorpion stings you.
* * * LOW HITPOINT WARNING * * *
You are poisoned.
The scorpion poisons you! The scorpion misses you.
Unknown command.
You hit the scorpion.
The scorpion is almost dead.
You feel sick. The scorpion stings you.
* * * LOW HITPOINT WARNING * * *
You are more poisoned.
The scorpion poisons you!
You closely miss the scorpion.
The scorpion is almost dead.
You feel very sick. The scorpion completely misses you.
Unknown command.
You closely miss the scorpion.
The scorpion is almost dead.
You feel very sick. The scorpion stings you!
* * * LOW HITPOINT WARNING * * *
You are more poisoned.
The scorpion poisons you!
Your scale mail prevents you from hitting the scorpion.
The scorpion is almost dead.
* * * LOW HITPOINT WARNING * * *
You feel very sick. The scorpion stings you!
You die...

.. #. .. #.. ... ##.##
... # #...# #.# ..
###...####.#
...#.......##.#
..........)##.###.#
.#.....)s@......#
###...####.############
#†..#...............#
#...>.............#####.#
#....{.##.###.###.#
....#######.# #.# #S# ##.
.). # # #.# #.# #.. ..
#.###.# #.. . #.#h..#


You could see a scorpion.

Vanquished Creatures
  The ghost of Skimidon the Skirmisher, an amateur HOMo (D:4)
  A phantom (D:5)
  A centaur zombie (D:5)
  An orc priest (D:5)
  An orc wizard (D:5)
  An iguana (D:4)
  Ijyb (D:3)
  A gnoll (D:5)
  2 adders (D:4)
  3 dart slugs
  15 orcs
  4 bats
  6 endoplasms
  A giant cockroach (D:3)
  4 goblins
  7 hobgoblins
  17 jackals
  7 quokkas
  2 ball pythons
  2 frilled lizards
  7 kobolds
  3 rats
88 creatures vanquished.

Vanquished Creatures (collateral kills)
  A bullfrog (D:5)
1 creature vanquished.

Vanquished Creatures (others)
  2 withered plants (D:4)
2 creatures vanquished.

Grand Total: 91 creatures vanquished

Notes
Turn   | Place    | Note
-------+----------+-------------------------------------------
     0 | D:1      | theswoord the Demonspawn Gladiator began the quest for the
                  | Orb.
     0 | D:1      | Reached XP level 1. HP: 16/16 MP: 1/1
   119 | D:1      | You fall into a shaft and drop 1 floor!
   121 | D:2      | Reached skill level 3 in Long Blades
   262 | D:2      | Gained mutation: You regenerate a little health from kills.
                  | [demonic ancestry]
   262 | D:2      | Reached XP level 2. HP: 18/22 MP: 2/2
   731 | D:1      | Found Hegick's Weapon Emporium.
   922 | D:1      | Reached XP level 3. HP: 15/27 MP: 3/3
  1579 | D:3      | Reached skill level 4 in Long Blades
  1879 | D:3      | Noticed Ijyb
  1895 | D:3      | Killed Ijyb
  1896 | D:3      | Gained mutation: You are partially covered in molten
                  | scales. (AC +2) [demonic ancestry]
  1896 | D:3      | Reached XP level 4. HP: 14/33 MP: 4/4
  2471 | D:3      | Found a faded altar of an unknown god.
  2636 | D:4      | HP: 1/33 [iguana (1)]
  2642 | D:4      | Reached skill level 5 in Long Blades
  2968 | D:4      | Found a basalt altar of Yredelemnul.
  3087 | D:4      | Gained mutation: You have a pair of small antennae on your
                  | head. [demonic ancestry]
  3087 | D:4      | Reached XP level 5. HP: 38/38 MP: 5/5
  3265 | D:4      | Found a sparkling altar of Nemelex Xobeh.
  3272 | D:4      | Found an ornate altar of the Wu Jian Council.
  3341 | D:4      | Became a worshipper of the Wu Jian Council
  3409 | D:4      | Found a runed translucent door.
  3411 | D:4      | Noticed Skimidon's ghost (amateur HOMo)
  3464 | D:4      | Killed Skimidon's ghost
  3465 | D:4      | Reached skill level 6 in Long Blades
  3465 | D:4      | Gained mutation: You regenerate health from kills. [demonic
                  | ancestry]
  3465 | D:4      | Reached XP level 6. HP: 41/44 MP: 6/6
  3699 | D:4      | Identified the +1 robe "Baumm" {Drain +Inv rN+ Stlth+}
  3741 | D:5      | Entered Level 5 of the Dungeon
  3796 | D:5      | HP: 2/44 [orc priest/divine providence (11)]
  4108 | D:5      | Reached skill level 7 in Long Blades
  4316 | D:5      | Gained mutation: You have a pair of antennae on your head.
                  | [demonic ancestry]
  4316 | D:5      | Reached XP level 7. HP: 32/50 MP: 7/7
  4336 | D:5      | Slain by a scorpion

Skill      XL: |  1  2  3  4  5  6 |
---------------+-------------------+-----
Long Blades    | 3 4 5 6 7 |  7.4
Fighting       | |  2.0
Throwing       | |  1.7
Dodging        | |  2.6

Action                   |  1- 3 |  4- 6 |  7- 9 || total
-------------------------+-------+-------+-------++-------
Melee: Long sword        |   127 |   179 |    15 ||   321
Invok: Lunge             |       |     3 |     1 ||     4
  Use: Scroll            |       |     4 |       ||     4
       Potion            |       |     4 |       ||     4
 Stab: Sleeping          |     4 |       |       ||     4
Armor: Leather armour    |    43 |     4 |       ||    47
       Chain mail        |       |    43 |       ||    43
       Skin              |       |    28 |       ||    28
       Scale mail        |       |    19 |       ||    19
Dodge: Dodged            |    93 |    74 |     8 ||   175
       Rpst.: Long sword |    31 |    20 |     1 ||    52

Levels and vault maps discovered:
D:1:      dpeg_arrival_renting, layout_rooms, serial_shops, shop
D:2:      layout_rooms, serial_forest, infiniplex_forest_lined_corner,
          infiniplex_forest_lined_room_2, infiniplex_forest_lined_4_way,
          infiniplex_forest_end_double, infiniplex_forest_lined_3_way,
          infiniplex_forest_clump_C, infiniplex_forest_pool,
          infiniplex_forest_corner_1, infiniplex_forest_lined_2
D:3:      layout_rooms, shapermc_ecumenical_altar_petra, uniq_ijyb,
          uniq_crazy_yiuf_cottage
D:4:      layout_basic, tso_altar, yredelemnul_altar_generic,
          mainiacjoe_overflow_big_doors, ebering_ghost_sewer_d, hex_tiny,
          kennysheep_small_square
D:5:      lemuel_castle_with_subvaults [lemuel_castle_interior_original],
          layout_loops_ring, uniq_blork_the_orc
